 Dungeon Crawl Stone Soup version 0.11.3 (console) character file.

1786 Lightli the Miscreant (level 8, 0/43 HPs)
             Began as a Deep Elf Stalker on July 4, 2022.
             Was an Initiate of Vehumet.
             Slain by an iguana zombie (2 damage)
             ... on Level 5 of the Dungeon.
             The game lasted 00:20:05 (7223 turns).

Lightli the Miscreant (Deep Elf Stalker)            Turns: 7223, Time: 00:20:05

HP   0/43        AC  6     Str  7      XL: 8   Next: 55%
MP  21/21        EV  2     Int 23      God: Vehumet [......]
Gold 266         SH  0     Dex 16      Spells:  4 memorised,  7 levels left

Res.Fire  : + + .   See Invis. : .   a - +3,+1 dagger (venom)
Res.Cold  : . . .   Warding    : .   b - +0 elf robe (curse)
Life Prot.: + + +   Conserve   : .   (no shield)
Res.Poison: +       Res.Corr.  : .   i - +0 helmet
Res.Elec. : .       Clarity    : .   z - +0 elf cloak
Sust.Abil.: . .     Spirit.Shd : .   (no gloves)
Res.Mut.  : .       Stasis     : .   p - +0 pair of boots
Res.Rott. : +       Ctrl.Telep.: .   (no amulet)
Saprovore : . . .   Levitation : .   c - cursed ring of wizardry Ctrl.Flight: .
                                     n - ring "Cidamyt" {unknown, rF++ Int+3}

@: petrified, somewhat resistant to hostile enchantments, stealthy
A: evolution 1, AC +1
a: Renounce Religion


You were on level 5 of the Dungeon.
You worshipped Vehumet.
Vehumet was pleased with you.
You were not hungry.

You visited 2 branches of the dungeon, and saw 6 of its levels.

You collected 246 gold pieces.

Inventory:

Hand weapons
 a - a +3,+1 dagger of venom (weapon)
Armour
 b - a cursed +0 elven robe (worn)
 i - a +0 helmet (worn)
 p - a +0 pair of boots (worn)
 z - a +0 elven cloak (worn)
Magical devices
 u - a wand of random effects (0)
Comestibles
 f - 2 bread rations
 o - a meat ration
Scrolls
 m - a scroll of teleportation
 q - a scroll of curse jewellery
 w - a scroll of fear
Jewellery
 c - a cursed ring of wizardry (right hand)
 n - the ring "Cidamyt" (left hand) {unknown, rF++ Int+3}
   (You found it on level 4 of the Dungeon)

   [ring of intelligence]

   It affects your intelligence (+3).
   It greatly protects you from fire.
 s - an uncursed ring of levitation
Potions
 e - 9 potions of confusion
 g - 3 potions of water
 h - a potion of heal wounds
 k - 2 potions of curing
 l - 2 potions of poison
 r - a potion of levitation {unknown}
Books
 d - a book of Stalking

   Spells                             Type                      Level
   *Fulsome Distillation              Transmutation/Necromancy     1
   *Evaporate                         Fire/Transmutation           2
   Passwall                           Transmutation/Earth          3
   *Petrify                           Transmutation/Earth          4
   Dig                                Transmutation/Earth          4
Magical staves
 j - an uncursed staff of summoning


   Skills:
 - Level 0.7 Fighting
 - Level 1.0 Short Blades
 + Level 4.3 Dodging
 - Level 2.4 Stealth
 - Level 6.8 Stabbing
 - Level 4.0 Spellcasting
 - Level 5.6 Transmutations
 - Level 5.0 Earth Magic


You had 7 spell levels left.
You knew the following spells:

 Your Spells              Type           Power        Failure   Level  Hunger
a - Fulsome Distillation  Trmt/Necr      N/A          1%          1    None
b - Evaporate             Fire/Trmt      ####...      2%          2    #......
c - Animate Skeleton      Necr           N/A          4%          1    None
d - Petrify               Trmt/Erth      #####....    5%          4    ####...


Dungeon Overview and Level Annotations

Branches:
Dungeon (5/27)             Temple (1/1) D:5

Altars:
Ashenzari
Cheibriados
Elyvilon
Fedhas
Kikubaaqudgha
Makhleb
Nemelex Xobeh
Okawaru
Sif Muna
Trog
Vehumet
Xom
Yredelemnul
Zin
the Shining One

Shops:
D:4: +

Annotations
D:4 Lightli's ghost, average DESt


Innate Abilities, Weirdness & Mutations

You are partially covered in yellow scales (AC +1).
You evolve.


Message History

* * * LOW HITPOINT WARNING * * *
The ice beast hits you.
* * * LOW HITPOINT WARNING * * *
The ice beast freezes you!
The hobgoblin skeleton hits you but does no damage.
The iguana zombie bites you.
* * * LOW HITPOINT WARNING * * *
The ice beast hits you but does no damage.
The hobgoblin skeleton hits you but does no damage.
The iguana zombie bites you!
* * * LOW HITPOINT WARNING * * *
The ice beast hits you but does no damage.
The hobgoblin skeleton completely misses you.
The iguana zombie barely misses you. The ice beast hits you.
* * * LOW HITPOINT WARNING * * *
The ice beast freezes you!
The ice beast hits you but does no damage.
The hobgoblin skeleton hits you but does no damage.
The iguana zombie bites you.
You die...

##..#I##### #.....)........
....#.z...# #.#####........
....#####I# #.# #(#####.. .#..#
#.# #.# #.# #.. .#..# #.# #.#
#)#####.. .#..#####.##### #.#
#........
.#............#####%#####).####..
.##.#####......z.z......)..# ###
## .......>.....@I..######.#
##########........# #.#
#..#####.# #.# #..# #.# #.# ##..#
#.# #.# ############...# #.# #.#
...............# #.# #.#
############.### #.# #.# #.#
#.#####.#


You could see an ice beast, an iguana zombie and a hobgoblin skeleton.

Vanquished Creatures
  Pikel (D:4)
  Grinder (D:4)
  Prince Ribbit (D:4)
  Menkaure (D:5)
  A sky beast (D:5)
  2 slaves (D:4)
  A crimson imp (D:5)
  The ghost of Lightli the Changer, a weakling DESt (D:3)
  A hound (D:4)
  An orc priest (D:3)
  2 orc wizards (D:5)
  3 worker ants
  3 adders
  7 gnolls
  A giant mite (D:5)
  2 worms
  A bat skeleton (D:4)
  4 giant geckos
  14 orcs
  6 giant cockroaches
  8 goblins
  13 hobgoblins
  6 jackals
  11 bats
  2 giant newts
  A hobgoblin skeleton (D:5)
  7 kobolds
  An orc skeleton (D:4)
  A quokka skeleton (D:5)
  9 rats
  A rat skeleton (D:4)
114 creatures vanquished.

Vanquished Creatures (collateral kills)
  An orc (D:3)
  A hobgoblin (D:1)
  2 rats (D:2)
4 creatures vanquished.

Vanquished Creatures (others)
  An adder skeleton (D:3)
  2 bat skeletons
  A jackal (D:2)
  A giant gecko skeleton (D:4)
  A goblin (D:3)
  2 orc skeletons (D:3)
  2 rat skeletons
  A toadstool (D:4)
11 creatures vanquished.

Grand Total: 129 creatures vanquished

Notes
Turn   | Place    | Note
--------------------------------------------------------------
     0 | D:1      | Lightli, the Deep Elf Stalker, began the quest for the Orb.
     0 | D:1      | Reached XP level 1. HP: 12/12 MP: 2/2
    60 | D:1      | Found a shattered altar of Ashenzari.
    66 | D:1      | Got a graven book
    67 | D:1      | Identified Ashenzari's Papyrus of Skeletal Cooking (You found it on level 1 of the Dungeon)
    69 | D:1      | Learned a level 1 spell: Animate Skeleton
   282 | D:1      | Reached skill level 3 in Transmutations
   282 | D:1      | Reached XP level 2. HP: 16/16 MP: 4/4
  1323 | D:2      | Reached XP level 3. HP: 16/20 MP: 7/7
  1461 | D:2      | Reached skill level 4 in Transmutations
  1635 | D:2      | Learned a level 2 spell: Evaporate
  2120 | D:3      | Noticed Lightli's ghost (weakling DESt)
  2194 | D:3      | Killed Lightli's ghost
  2194 | D:3      | Reached skill level 5 in Transmutations
  2194 | D:3      | Reached XP level 4. HP: 13/25 MP: 6/9
  2319 | D:3      | HP: 1/25 [poison (a needle trap)]
  2821 | D:3      | Reached XP level 5. HP: 11/29 MP: 10/12
  3404 | D:3      | Learned a level 4 spell: Petrify
  3549 | D:3      | Found a blossoming altar of Fedhas.
  3899 | D:4      | Noticed Pikel
  3899 | D:4      | Noticed a slave
  3899 | D:4      | Noticed a slave
  3899 | D:4      | Noticed a slave
  3899 | D:4      | Noticed a slave
  4059 | D:4      | Noticed Prince Ribbit
  4106 | D:4      | Noticed Lightli's ghost (average DESt)
  4148 | D:4      | Noticed Grinder
  4170 | D:4      | Gained mutation: You are dopey (Int -1). [potion of mutation]
  4170 | D:4      | Lost mutation: You are dopey (Int -1). [potion of mutation]
  4170 | D:4      | Gained mutation: You evolve. [potion of mutation]
  4176 | D:4      | Paralysed by Grinder for 2 turns
  5110 | D:4      | Paralysed by Grinder for 7 turns
  5181 | D:4      | Killed Grinder
  5181 | D:4      | Reached skill level 5 in Stabbing
  5181 | D:4      | Reached XP level 6. HP: 12/34 MP: 3/16
  5353 | D:4      | Gained mutation: You are partially covered in yellow scales (AC +1). [evolution]
  5533 | D:4      | Killed Prince Ribbit
  5533 | D:4      | Reached skill level 6 in Stabbing
  5533 | D:4      | Reached XP level 7. HP: 21/38 MP: 1/18
  5744 | D:4      | Reached skill level 1 in Earth Magic
  5773 | D:4      | Found Dad Tah's Book Emporium.
  5834 | D:4      | Killed a slave
  5843 | D:4      | Killed a slave
  5854 | D:4      | Killed Pikel
  5854 | D:4      | Reached XP level 8. HP: 31/43 MP: 20/20
  5939 | D:4      | Got a wavering turquoise ring
  5968 | D:5      | Entered Level 5 of the Dungeon
  6016 | D:5      | Reached skill level 5 in Earth Magic
  6418 | D:5      | Noticed Menkaure
  6427 | D:5      | Killed Menkaure
  6740 | D:5      | Found a staircase to the Ecumenical Temple.
  6751 | Temple   | Entered the Ecumenical Temple
  6810 | Temple   | Became a worshipper of Vehumet
  7221 | D:5      | HP: 2/43 [ice beast (2)]
  7223 | D:5      | Slain by an iguana zombie
